AoeStats
← Skipparen

Arena

508712345Analyzed
4v4 RM · 8d ago on Sep 23, 2026· 37m 43s· 8 players
Game mode
Random Map
Map size
Large (8 player)
Population
200
Speed
Normal
Resources
Standard
Victory
Conquest
Starting age
Dark Age
Ending age
Imperial Age
RankedLock teamsTeams togetherTeam positionsShared explorationLock speedFull tech treeHidden civsTurbo modeCheats
Victory
Defeat
🇨🇳 Japanese · China
787
+15
🇵🇪 Celts · Peru
785
+15
🇨🇳 Khmer · China
762
+16
🇨🇳 Huns · China
761
+16
🇫🇴 Vietnamese · Faroe Islands
795
-16
🇬🇧 Teutons · United Kingdom
784
-16
🇳🇴 Burgundians · Norway
762
-15
🇸🇪 Hindustanis · Sweden
739
-15
DARKDOOM
7:55 Loom
11:03 Feudal Age
16:47 Castle Age
16:32 Double-Bit Axe
16:32 Horse Collar
Tennessee Boomer
7:57 Loom
11:16 Feudal Age
15:09 Castle Age
13:00 Double-Bit Axe
12:57 Horse Collar
14:57 Wheelbarrow
17:25 Bow Saw
17:17 Heavy Plow
23:11 Gold Mining
23:21 Stone Mining
24:07 Hand Cart
Olley95
5:20 Loom
10:49 Feudal Age
10:57 Feudal Age
11:51 Double-Bit Axe
11:47 Horse Collar
17:37 Castle Age
17:22 Gold Mining
18:56 Heavy Plow
19:07 Bow Saw
18:53 Stone Mining
19:45 Wheelbarrow
27:42 Imperial Age
25:37 Hand Cart
25:07 Town Watch
25:18 Fletching
26:36 Bodkin Arrow
26:41 Padded Archer Armor
27:22 Town Patrol
28:14 Ballistics
28:16 Leather Archer Armor
29:16 Crop Rotation
29:48 Two-Man Saw
29:33 Stone Shaft Mining
29:39 Stone Shaft Mining
30:12 Ring Archer Armor
33:01 Bracer
33:11 Thumb Ring
33:42 Sanctity
33:52 Illumination
33:31 Elite Rattan Archer
34:45 Block Printing
Skipparen
0:59 Loom
10:58 Feudal Age
10:15 Double-Bit Axe
12:49 Loom
15:53 Castle Age
15:17 Bow Saw
15:49 Horse Collar
21:49 Husbandry
24:01 Wheelbarrow
23:53 Cavalier
25:49 Hand Cart
25:46 Scale Mail Armor
27:28 Ballistics
30:24 Imperial Age
29:58 Heavy Plow
29:52 Gold Mining
31:06 Two-Man Saw
31:23 Scale Barding Armor
31:21 Paladin
MiguelAngel
11:50 Feudal Age
12:11 Horse Collar
18:34 Castle Age
17:49 Double-Bit Axe
18:45 Stone Mining
18:47 Gold Mining
27:17 Imperial Age
25:44 Bow Saw
26:50 Heavy Plow
29:51 Wheelbarrow
29:22 Gambesons
30:58 Scale Mail Armor
32:05 Conscription
35:24 Stone Shaft Mining
35:38 Gold Shaft Mining
35:09 Caravan
35:34 Hand Cart
35:43 Forging
35:49 Chain Mail Armor
36:56 Chemistry
36:17 Ballistics
37:49 Siege Engineers
38:21 Iron Casting
Vacuum
11:01 Feudal Age
15:01 Castle Age
13:36 Double-Bit Axe
16:11 Bow Saw
17:48 Horse Collar
20:49 Gold Mining
22:22 Marauders
25:06 Heavy Plow
26:46 Scale Barding Armor
27:01 Forging
31:56 Husbandry
32:07 Bloodlines
34:08 Wheelbarrow
34:41 Gold Shaft Mining
35:19 Chain Barding Armor
35:35 Iron Casting
36:09 Hand Cart
ProfileName
10:25 Feudal Age
13:55 Castle Age
12:33 Horse Collar
12:40 Double-Bit Axe
20:43 Bow Saw
21:56 Gold Mining
23:45 Gold Shaft Mining
24:40 Heavy Plow
25:10 Stone Mining
29:14 Imperial Age
29:32 Scale Barding Armor
29:38 Forging
30:24 Husbandry
32:51 Stone Shaft Mining
32:06 Heavy Scorpion
32:13 Elite Battle Elephant
33:06 Bloodlines
33:43 Ballistics
34:23 Chemistry
33:29 Siege Engineers
33:47 Chain Barding Armor
34:03 Iron Casting
34:32 Conscription
34:13 Double Crossbow
35:13 Plate Barding Armor
36:45 Blast Furnace
NgAgo
10:05 Feudal Age
14:04 Castle Age
12:12 Double-Bit Axe
13:10 Horse Collar
19:03 Loom
20:47 Gambesons
22:37 Heavy Plow
22:29 Man-at-Arms
24:35 Forging
26:53 Gold Mining
28:00 Iron Casting
27:27 Scale Mail Armor
29:52 Chain Mail Armor
32:46 Imperial Age
34:36 Plate Mail Armor
35:07 Blast Furnace
33:30 Elite Samurai
34:37 Capped Ram
36:05 Fletching
36:15 Padded Archer Armor
Connection lost

Rejoining the realm…

Still unreachable

The connection could not be restored.

Session expired

The server has moved on; the page needs a fresh start.